 Dungeon Crawl Stone Soup version 0.28-a0-178-ga708605c5b (webtiles) character file.

Game seed: 7324013114285455975

23 lnt the Sneak (level 2, -3/21 HPs)
             Began as an Octopode Delver on Aug 18, 2021.
             Was an Initiate of Dithmenos.
             Slain by a goblin (7 damage)
             ... led by Robin
             ... on level 3 of the Dungeon.
             The game lasted 00:02:27 (394 turns).

lnt the Sneak (Octopode Delver)                      Turns: 394, Time: 00:02:28

Health: -3/21      AC:  1    Str: 11    XL:     2   Next: 95%
Magic:  2/2        EV: 13    Int: 12    God:    Dithmenos [......]
Gold:   66         SH:  0    Dex: 13    Spells: 1/1 levels left

rFire   . . .      SeeInvis .   a - +0 short sword
rCold   . . .      Faith    .   (no shield)
rNeg    . . .      Spirit   .   (helmet restricted)
rPois   .          Reflect  .   (no amulet)
rElec   .          Harm     .   (no ring)
rCorr   .          Rampage  .   (no ring)
Will    .....                   (no ring)
Stlth   ++++......              (no ring)
HPRegen 0.07/turn               (no ring)
MPRegen 0.08/turn               (no ring)
                                (no ring)
                                (no ring)

@: no status effects
A: almost no armour, amphibious, 8 rings, camouflage 1, gelatinous body 1,
(nimble swimmer 1), tentacles
a: Renounce Religion


You were on level 3 of the Dungeon.
You worshipped Dithmenos.
Dithmenos was noncommittal.
You visited 1 branch of the dungeon, and saw 3 of its levels.

You collected 66 gold pieces.

Inventory:

Hand Weapons
 a - a +0 short sword (weapon)
 n - a +0 dagger
Wands
 f - a wand of digging (3)
Scrolls
 b - a scroll of fog
 c - a scroll of magic mapping
 d - a scroll of fear
 h - 2 scrolls of teleportation {unknown}
 i - a scroll of silence {unknown}
 j - a scroll of noise {unknown}
 k - a scroll of vulnerability {unknown}
 l - a scroll of summoning {unknown}
 m - a scroll of amnesia {unknown}
 o - a scroll of brand weapon {unknown}
Potions
 e - a potion of haste
 g - a potion of mutation {unknown}


   Skills:
 + Level 3.3 Fighting
 - Level 2.0 Short Blades
 + Level 2.5 Dodging
 + Level 7.0 Stealth


You had one spell level left.
You didn't know any spells.
Your spell library was empty.

Dungeon Overview and Level Annotations

Branches:
Dungeon (5/15)
 Temple: D:4-7

Altars:
Dithmenos

Annotations:
D:3 Robin
D:5 exclusion: orc, Blork the orc


Innate Abilities, Weirdness & Mutations

You cannot wear most types of armour.
You are amphibious.
You can wear up to eight rings at the same time.
Your skin changes colour to match your surroundings (Stealth+).
Your rubbery body absorbs attacks. (AC +1, EV +1)
((You are camouflaged near water. (Stealth+)))
You have tentacles for arms and can constrict up to eight enemies at once.


Message History

You impale the goblin!!
You kill the goblin!
Dithmenos accepts your kill.
Your Stealth skill increases to level 7!
Things that are here:
a +0 dagger; a goblin corpse As you open the door, it creaks loudly!
You hear a shout! x3
A goblin comes into view. It is wielding a +0 club.
There is an open door here.
A hobgoblin comes into view.
An endoplasm comes into view.
You miss the goblin.
The endoplasm quivers.
You grab the goblin. You squeeze the goblin.
You kill the goblin!
Dithmenos accepts your kill.
A hobgoblin comes into view.
The hobgoblin shouts!
You hear a shout!
Robin of the Strong Arm comes into view.
They are wielding a +0 whip.
Robin throws the goblin at you! The goblin closely misses you.
Robin roars a battlecry!
The goblins go into a battle-frenzy!
The goblin hits you with a +0 club.
You hear a shout! x3
You hit the goblin. Your grab misses the goblin.
The goblin is moderately wounded.
You hear a shout!
The goblin closely misses you.
You hear a shout!
You closely miss the goblin. You grab the goblin.
The goblin is moderately wounded.
You constrict the goblin. The hobgoblin hits you.
Robin roars a battlecry!
The goblin hits you with a +0 club.
* * * LOW HITPOINT WARNING * * *
You hit the goblin but do no damage.
The goblin is heavily wounded.
You constrict the goblin. The hobgoblin closely misses you.
The goblin hits you with a +0 club!
You die...

#. #.### .....
##...## .g...
.g. #J# #g# #@#
##g## ##...##
##.....##
##.......##
#..)......#
+.......†.+
#.....>...#
##.......#.....


You could see Robin, an endoplasm, 2 hobgoblins and a goblin (strong).

Vanquished Creatures
  An adder (D:5)
  An adder skeleton (D:4)
  2 endoplasms (D:4)
  2 goblins (D:3)
  2 hobgoblins (D:4)
  2 ball pythons (D:4)
  A frilled lizard (D:3)
11 creatures vanquished.

Notes
Turn   | Place    | Note
-------+----------+-------------------------------------------
     0 | D:5      | lnt the Octopode Delver began the quest for the Orb.
     0 | D:5      | Reached XP level 1. HP: 16/16 MP: 1/1
    10 | D:5      | Noticed Blork the orc
    25 | D:5      | Noticed a hound
    60 | D:5      | Reached XP level 2. HP: 21/21 MP: 2/2
   126 | D:4      | Found a shadowy altar of Dithmenos.
   134 | D:4      | Became a worshipper of Dithmenos the Shadowed
   379 | D:3      | Reached skill level 7 in Stealth
   389 | D:3      | Noticed Robin
   394 | D:3      | Slain by a goblin

Illustrated notes

Levels and vault maps discovered:
D:3:      layout_loops_corners, lemuel_tele_altar, mainiacjoe_overflow_paths,
          lemuel_crystal_altar, marbit_many_paths, serial_shops, shop,
          uniq_robin, uniq_sigmund, uniq_jessica, uniq_grinder
D:4:      layout_cave_pools, nicolae_dithmenos_the_darkroom,
          makhleb_heckhound_becter, kennysheep_generic_room_11, uniq_pikel
D:5:      layout_loops_ring, kiku_gazebo_garden_becter, nzn_random_ring,
          uniq_eustachio, uniq_blork_the_orc

Skill      XL: |  1  2 |
---------------+-------+-----
Stealth        | 7 |  7.0
Fighting       | |  3.3
Short Blades   | |  2.0
Dodging        | |  2.5

Action                   || total
-------------------------++-------
Melee: Short sword       ||    16
       Constrict         ||     3
       Tentacles         ||     1
 Stab: Sleeping          ||     8
Dodge: Dodged            ||     4

Table legend: (Time is in decaauts)
 A = Elapsed time spent in this place.
 B = Non-inter-level travel time spent in this place.
 C = Inter-level travel time spent in this place.
 D = Time resting spent in this place.
 E = Time spent auto-exploring this place.
 F = Levels seen in this place.
 G = Mean time per level.
                   A        B        C        D        E       F      G
               +--------+--------+--------+--------+--------+-----+--------+
         Total |    394 |    394 |      0 |     50 |     11 |   3 |  131.3 |
       Dungeon |    394 |    394 |      0 |     50 |     11 |   3 |  131.3 |
               +--------+--------+--------+--------+--------+-----+--------+

Top non-repeatable levels by time:
     D:4: 289 daAuts
     D:5: 83 daAuts
     D:3: 21 daAuts
